 Dungeon Crawl Stone Soup version 0.31-a0-1405-g2bb1a01664 (webtiles) character file.

Game seed: 1597683471623331938

1640791 grandjackal the Demonic Aeon (level 27, 95/249 HPs)
             Began as a Demonspawn Gladiator on Dec 25, 2023.
             Was the Champion of Cheibriados.
             Escaped with the Orb
             ... and 3 runes!
             The game lasted 01:43:22 (73943 turns).

grandjackal the Demonic Aeon (DsGl)                Turns: 73943, Time: 01:43:22

Health: 95/249     AC: 31    Str: 41    XL:     27
Magic:  36/36      EV: 39    Int: 30    God:    Cheibriados [******]
Gold:   5109       SH: 22    Dex: 31    Spells: 26/26 levels left

rFire   + + +        x - +9 broad axe (freeze)
rCold   + + .        T - +0 kite shield {reflect}
rNeg    + . .        L - +2 chain mail of Insurance {rC++ rCorr Int-3}
rPois   +            (helmet unavailable)
rElec   +            O - +1 cloak {rPois}
rCorr   +            c - +2 pair of gloves
SInv    +            n - +2 pair of boots "Anoum" {rPois Int+3 SInv}
Will    ++...        j - amulet of Kindness {Reflect Dex+3 SH+5 Stlth+}
Stlth   +            W - ring "Xomponyo" {rElec rF+ Int+3 Dex-3}
HPRegen 0.61/turn    Y - ring "Gyrue" {^Contam rF+++ rN+ EV+5 Int+4}
MPRegen 0.25/turn

%: reflection
@: agile, mildly poisoned (95 -> 94), magic-sapped, very slow
A: antennae 3, molten scales 3, powered by pain 3, spiny 3, corrupting presence
2, word of chaos, dopey 1, fire resistance 1, low MP 1, electricity resistance,
no potion heal 1
0: Orb of Zot
}: 3/15 runes: decaying, slimy, gossamer
a: Word of Chaos, Renounce Religion, Bend Time, Temporal Distortion, Slouch,
Step From Time


You escaped.
You worshipped Cheibriados.
Cheibriados was exalted by your worship.
You visited 12 branches of the dungeon, and saw 55 of its levels.
You visited the Abyss 1 time.
You visited 1 bazaar.
You also visited: Wizlab.

You collected 7358 gold pieces.
You spent 2249 gold pieces at shops.

Inventory:

Hand Weapons
 x - a +9 broad axe of freezing (weapon)
Missiles
 d - 7 throwing nets (quivered)
 e - 15 javelins
 v - 7 silver javelins
Armour
 c - a +2 pair of gloves (worn)
 n - the +2 pair of boots "Anoum" (worn) {rPois Int+3 SInv}
   (You bought it in a shop on level 2 of the Orcish Mines)

   Int+3:     It affects your intelligence (+3).
   rPois:     It protects you from poison SInv: It lets you see invisible.
 L - the +2 chain mail of Insurance (worn) {rC++ rCorr Int-3}
   (You found it on level 2 of the Lair of Beasts)

   Int-3:     It affects your intelligence (-3).
   rC++:      It greatly protects you from cold.
   rCorr:     It protects you from acid and corrosion.
 O - a +1 cloak of poison resistance (worn)
 T - a +0 kite shield of reflection (worn)
Jewellery
 a - the ring of Nutronne {rPois rC+ EV+5 Dex-5 Stlth+}
   (You found it on level 5 of the Pits of Slime)

   [ring of evasion]

   EV+5:      It affects your evasion (+5).
   Dex-5:     It affects your dexterity (-5).
   rC+:       It protects you from cold.
   rPois:     It protects you from poison Stlth+: It makes you more stealthy.
 j - the amulet of Kindness (around neck) {Reflect Dex+3 SH+5 Stlth+}
   (You acquired it on level 3 of the Lair of Beasts)

   [amulet of reflection]

   Reflect:   It reflects blocked missile attacks.
   Dex+3:     It affects your dexterity (+3).
   SH+5:      It affects your SH (+5).
   Stlth+:    It makes you more stealthy.
 u - a ring of magical power
 w - the ring of Ifiyrgh {Ice rCorr Int+2}
   (You took it off Josephina on level 2 of the Crypt)

   [ring of ice]

   Ice:       It enhances your ice magic.
   Int+2:     It affects your intelligence (+2).
   rF-:       It makes you vulnerable to fire.
   rC+:       It protects you from cold.
   rCorr:     It protects you from acid and corrosion.
 z - a ring of positive energy
 F - a ring of poison resistance
 W - the ring "Xomponyo" (left hand) {rElec rF+ Int+3 Dex-3}
   (You bought it in a shop on level 3 of the Elven Halls)

   [ring of protection from fire]

   Int+3:     It affects your intelligence (+3).
   Dex-3:     It affects your dexterity (-3).
   rF+:       It protects you from fire.
   rElec:     It insulates you from electricity.
 Y - the ring "Gyrue" (right hand) {^Contam rF+++ rN+ EV+5 Int+4}
   (You took it off a deep elf demonologist on level 3 of the Elven Halls)

   [ring of evasion]

   EV+5:      It affects your evasion (+5).
   Int+4:     It affects your intelligence (+4).
   rF+++:     It renders you almost immune to fire.
   rN+:       It protects you from negative energy.
   ^Contam:   It causes magical contamination when unequipped.
Wands
 b - a wand of flame (74)
 k - a wand of quicksilver (29)
 B - a wand of iceblast (47)
 R - a wand of polymorph (5)
 Z - a wand of digging (7)
Scrolls
 f - 2 scrolls of torment
 g - 23 scrolls of teleportation
 o - 4 scrolls of silence
 p - 31 scrolls of identify
 r - 8 scrolls of fear
 s - 3 scrolls of fog
 y - 12 scrolls of blinking
 A - 7 scrolls of vulnerability
 E - 2 scrolls of brand weapon
 G - 3 scrolls of immolation
 I - 8 scrolls of poison
 S - a scroll of revelation
 V - 3 scrolls of summoning
Potions
 h - a potion of cancellation
 i - 3 potions of lignification
 l - 2 potions of brilliance
 m - a potion of attraction
 q - 6 potions of resistance
 t - 9 potions of heal wounds
 C - 8 potions of ambrosia
 J - 2 potions of berserk rage
 K - 5 potions of enlightenment
 M - 15 potions of curing
 N - 3 potions of magic
 Q - 7 potions of might
 U - 4 potions of invisibility
Miscellaneous
 D - a phantom mirror


   Skills:
 O Level 27 Fighting
 - Level 3.0 Long Blades
 - Level 18.0 Axes
 - Level 2.0 Throwing
 + Level 18.8 Armour
 + Level 18.2 Dodging
 - Level 15.0 Shields
 O Level 27 Invocations


You had 26 spell levels left.
You didn't know any spells.
Your spell library contained the following spells:

 Spells                   Type           Power      Damage    Failure   Level
 Apportation              Tloc           0%         N/A       24%         1
 Kiss of Death            Conj/Necr      0%         2d5       24%         1
 Magic Dart               Conj           0%         1d3       24%         1
 Necrotise                Necr           0%         1d4       24%         1
 Sandblast                Erth           0%         2d4       24%         1
 Slow                     Hex            0%         N/A       24%         1
 Sting                    Conj/Alch      0%         1d3       24%         1
 Summon Small Mammal      Summ           0%         N/A       24%         1
 Blink                    Tloc           0%         N/A       34%         2
 Jinxbite                 Hex            0%         N/A       34%         2
 Lesser Beckoning         Tloc           0%         N/A       34%         2
 Mercury Vapours          Alch/Air       0%         N/A       34%         2
 Momentum Strike          Conj/Tloc      0%         3d8       34%         2
 Passwall                 Alch/Erth      0%         N/A       34%         2
 Scorch                   Fire           0%         2d5       34%         2
 Searing Ray              Conj           0%         2d4       34%         2
 Static Discharge         Conj/Air       0%         3-3/arc   34%         2
 Sublimation of Blood     Necr           0%         N/A       34%         2
 Confusing Touch          Hex            0%         N/A       56%         3
 Dazzling Flash           Conj/Hex       0%         N/A       56%         3
 Frozen Ramparts          Ice            0%         1d1       56%         3
 Gell's Gravitas          Tloc           0%         N/A       56%         3
 Hailstorm                Conj/Ice       0%         3d5       56%         3
 Inner Flame              Hex/Fire       0%         N/A       56%         3
 Mephitic Cloud           Conj/Alch/Air  0%         N/A       56%         3
 Ozocubu's Armour         Ice            0%         N/A       56%         3
 Sigil of Binding         Hex            0%         N/A       56%         3
 Stone Arrow              Conj/Erth      0%         3d7       56%         3
 Teleport Other           Tloc           0%         N/A       56%         3
 Vampiric Draining        Necr           0%         2d6       56%         3
 Volatile Blastmotes      Fire/Tloc      0%         2d10      56%         3
 Airstrike                Air            0%         2d(0-16)  93%         4
 Animate Armour           Summ/Erth      0%         N/A       93%         4
 Brom's Barrelling Bould  Conj/Erth      0%         2d3       93%         4
 Cause Fear               Hex            0%         N/A       93%         4
 Flame Wave               Conj/Fire      0%         2d4       93%         4
 Fulminant Prism          Conj/Alch      0%         3d5       93%         4
 Ignite Poison            Fire/Alch      0%         N/A       93%         4
 Iskenderun's Mystic Bla  Conj/Tloc      0%         2d3       93%         4
 Leda's Liquefaction      Alch/Erth      0%         N/A       93%         4
 Olgreb's Toxic Radiance  Alch           0%         N/A       93%         4
 Petrify                  Alch/Erth      0%         N/A       93%         4
 Sticky Flame             Fire/Alch      0%         2d4       93%         4
 Summon Ice Beast         Ice/Summ       0%         N/A       93%         4
 Summon Lightning Spire   Summ/Air       0%         N/A       93%         4
 Vhi's Electric Charge    Tloc/Air       0%         N/A       93%         4
 Agony                    Necr           0%         N/A       100%        5
 Alistair's Intoxication  Alch           0%         N/A       100%        5
 Arcjolt                  Conj/Air       0%         1d10      100%        5
 Borgnjor's Vile Clutch   Necr/Erth      0%         N/A       100%        5
 Irradiate                Conj/Alch      0%         3d11      100%        5
 Lee's Rapid Deconstruct  Erth           0%         3d4*      100%        5
 Metabolic Englaciation   Hex/Ice        0%         N/A       100%        5
 Silence                  Hex/Air        0%         N/A       100%        5
 Summon Forest            Summ/Tloc      0%         N/A       100%        5
 Yara's Violent Unravell  Hex/Alch       0%         3d3       100%        5
 Bombard                  Conj/Erth      0%         9d1       100%        6
 Dispersal                Tloc           0%         N/A       100%        6
 Eringya's Noxious Bog    Alch           0%         4d6       100%        6
 Plasma Beam              Fire/Air       0%         2x1d10    100%        6
 Simulacrum               Ice/Necr       0%         N/A       100%        6
 Enfeeble                 Hex            0%         N/A       100%        7
 Malign Gateway           Summ/Tloc      0%         N/A       100%        7
 Ozocubu's Refrigeration  Ice            0%         4d7       100%        7
 Summon Hydra             Summ           0%         N/A       100%        7
 Borgnjor's Revivificati  Necr           0%         N/A       100%        8
 Discord                  Hex            0%         N/A       100%        8
 Ignition                 Fire           0%         3d3       100%        8
 Lehudib's Crystal Spear  Conj/Erth      0%         10d2      100%        8
 Summon Horrible Things   Summ           0%         N/A       100%        8
 Death's Door             Necr           0%         N/A       100%        9


Dungeon Overview and Level Annotations

Branches:
Dungeon (15/15)            Temple (1/1) D:4            Lair (5/5) D:8
  Swamp (4/4) Lair:2       Spider (4/4) Lair:2        Slime (5/5) Lair:4
    Orc (2/2) D:9             Elf (3/3) Orc:2        Vaults (4/5) D:13
  Crypt (3/3) Vaults:3       Tomb (0/3) Crypt:3      Depths (4/4) D:15
    Zot (5/5) Depths:4     WizLab (visited)

Altars:
Ashenzari
Cheibriados
Dithmenos
Fedhas
Gozag
Hepliaklqana
Kikubaaqudgha
Makhleb
Nemelex Xobeh
Okawaru
Qazlal
Ru
Sif Muna
Trog
Uskayaw
Vehumet
Wu Jian
Xom
Yredelemnul
Jiyva

Shops:
D:4 ?   D:8 ?   D:10 *   Orc:1 *   Orc:2 [:?*   Elf:1 ?[!   Elf:2 *
Elf:3 =:=?   Vaults:4 (

Portals:
Hell: Depths:1 Depths:2 Depths:3 Depths:4
Abyss: Depths:3
Pandemonium: Orc:2 Depths:2 Depths:3
Ziggurat: Depths:3
Trove: D:14 (give +6 demon trident)

Annotations:
D:8 3 runed translucent doors, bungle's ghost, novice GnDe
Orc:1 3 runed translucent doors, Hiemodod's ghost, journeyman DsFi
Elf:2 4 runed translucent doors, Viaheush's ghost, journeyman GnWn
Crypt:1 1 runed translucent door, yetimobile's ghost, veteran FeAE
Zot:4 4 transporters


Innate Abilities, Weirdness & Mutations

You have a pair of large antennae on your head. (SInv)
You are completely covered in molten scales. (AC +4, rF+)
You are powered by pain.
You are completely covered in sharp spines.
Your presence sometimes corrodes or deforms those you injure.
You can speak a Word of Chaos.
You are dopey. (Int -2)
Your flesh is heat resistant. (rF+)
Your magical capacity is low. (-10% MP)
You are resistant to electric shocks. (rElec)
Potions are less effective at restoring your health.


Message History

You closely miss the demonspawn warmonger.
You feel very sick.
The demonspawn warmonger completely misses you. x3
You have reached level 27, the final one!
Your experience leads to an increase in your attributes!
Your base attributes are Str 24, Int 10, Dex 16.
Increase (S)trength, (I)ntelligence, or (D)exterity?
You feel stronger. x2
You hit the demonspawn warmonger but do no damage.
The demonspawn warmonger is severely wounded.
You feel sick.
The demonspawn warmonger hits you with a +6 glaive of venom!!
You focus on the pain.
You feel agile all of a sudden.
You block the demonspawn warmonger's attack. x2
You slice the demonspawn warmonger!! You freeze the demonspawn warmonger.
The demonspawn warmonger is almost dead.
You feel sick.
You block the demonspawn warmonger's attack.
The demonspawn warmonger closely misses you.
You block the demonspawn warmonger's attack. x2
The demonspawn warmonger closely misses you.
The demonspawn warmonger completely misses you.
You hit the demonspawn warmonger. You freeze the demonspawn warmonger.
Your corrupting presence corrodes the demonspawn warmonger!
The demonspawn warmonger is almost dead.
You feel sick.
The demonspawn warmonger calls down the wrath of its god upon you.
Your magic feels more tainted.
You slice the demonspawn warmonger!! You freeze the demonspawn warmonger!
You kill the demonspawn warmonger!
Cheibriados appreciates the change of pace.
You feel sick.
You feel very sick.
Things that are here:
a +6 glaive of venom; a +0 plate armour You feel very sick.
There is a staircase leading out of the dungeon, spattered with blood here.
You feel sick.
You have escaped!

...####.#########################
...# #.# # ...###### # .....####
###### ###### #
####....####....####....## ####
#.....##.)....##.)....# ##...
####..##..##))##..##..# #..##
#..##..#.)).#..##..# #.##
#..##..#..@.#..##..# #.#
#####..##..##..##..##..####.#
###..##......##......##.......#
....####....####....####....###
..#### ###### ###### ####.#
.....# #####.# ..##.## #..#..#
####..############ ####....##
##...#.#.#....###......##


There were no monsters in sight!

Vanquished Creatures
  the Royal Jelly (Slime:5)
  2 dread liches (Zot:5)
  3 ancient liches (Zot:5)
  5 orbs of fire
  A pandemonium lord (D:15)
  A juggernaut (Depths:1)
  Josephina (Crypt:2)
  Bai Suzhen (Vaults:3)
  9 Killer Klowns (Zot:5)
  Saint Roka (Vaults:2)
  5 curse toes
  A profane servitor (Crypt:3)
  5 golden dragons
  Jory (Crypt:2)
  4 bone dragons
  3 doom hounds (Crypt:3)
  Norris (Depths:2)
  A Tzitzimitl (Crypt:3)
  3 electric golems
  20 tentacled monstrosities
  A Hell Sentinel (D:15)
  26 Orb Guardians
  Jorgrun (Spider:1)
  A titan (Vaults:4)
  4 liches
  4 quicksilver dragons
  Grunn (Crypt:3)
  3 sphinxes
  A deep elf blademaster (Elf:3)
  27 acid blobs
  An Executioner (Zot:5)
  2 deep elf master archers (Elf:3)
  6 death cobs
  7 ancient champions
  Kirke (Lair:5)
  13 shadow dragons
  15 storm dragons
  Roxanne (Elf:1)
  A tengu reaver (Vaults:3)
  Aizul (Vaults:1)
  8 draconian monks
  5 fire giants
  A fenstrider witch (Swamp:4)
  7 revenants
  Donald (Spider:1)
  7 protean progenitors
  8 rockslimes (Slime:5)
  3 nagarajas (Depths:3)
  7 azure jellies
  7 draconian knights
  12 draconian shifters
  9 deep elf sorcerers
  2 demonspawn warmongers (D:1)
  3 curse skulls
  A caustic shrike zombie (Depths:3)
  15 ghost moths
  4 frost giants
  4 emperor scorpions
  A shard shrike simulacrum (Crypt:3)
  Louise (Spider:4)
  10 draconian scorchers
  10 draconian annihilators
  12 vault wardens
  6 deep elf elementalists (Elf:3)
  A cacodemon (D:11)
  14 ghouls
  2 orc warlords
  6 draconian stormcallers
  6 ironbound thunderhulks
  A reaper (D:1)
  A broodmother (Spider:4)
  A demonspawn blood saint (D:1)
  12 very ugly things
  10 ironbound preservers
  A caustic shrike skeleton (Depths:3)
  7 formless jellyfish
  A juggernaut skeleton (Depths:2)
  6 stone giants
  16 quicksilver oozes
  4 deep elf death magi
  6 deep elf demonologists
  15 green draconians
  A lorocyproca (D:1)
  13 black draconians
  4 dire elephants (Vaults:2)
  10 red draconians
  6 vampire knights
  14 white draconians
  6 deep elf annihilators (Elf:3)
  2 war gargoyles (Vaults:4)
  7 eleionomae
  11 purple draconians
  23 yellow draconians
  5 bunyips
  10 spark wasps
  4 eidola
  A crystal guardian (Vaults:3)
  A shambling mangrove (Swamp:4)
  A green death (Depths:3)
  6 ettins
  4 deep elf high priests (Elf:3)
  18 jiangshi
  8 fire dragons
  3 blizzard demons
  8 yaktaur captains
  4 entropy weavers
  10 vault guards
  4 spriggan zombies
  20 hydras
  5 rakshasas
  8 great orbs of eyes
  10 alligators
  11 ice dragons
  A jorogumo (Spider:3)
  3 spriggan air magi
  11 ironbound frosthearts
  2 ogre magi
  2 peacekeepers
  2 ghost crabs
  3 demonspawn (Orc:2)
  A caustic shrike simulacrum (Crypt:2)
  4 radroaches
  6 death knights
  3 sphinx skeletons
  A catoblepas (Lair:1)
  18 dancing weapons
  8 two-headed ogres
  15 centaur warriors
  10 boulder beetles
  7 tengu warriors
  11 death yaks (Lair:4)
  11 demonic crawlers
  2 deep troll shamans
  2 thrashing horrors (Abyss:3)
  6 deep troll earth magi
  9 orc high priests
  4 naga warriors (Depths:3)
  5 vampire magi
  2 occultists
  Urug (D:10)
  6 hell knights
  2 spriggan berserkers
  2 sun demons
  A spectral dire elephant (Crypt:3)
  Sonja (Lair:4)
  4 skysharks
  A storm dragon zombie (Crypt:1)
  11 deep elf knights
  4 shadow wraiths (Crypt:3)
  68 skeletal warriors
  A soul eater (Depths:2)
  3 titan skeletons
  2 wretched stars (Abyss:3)
  A fire crab (Lair:5)
  8 iron trolls
  An anaconda zombie (Abyss:3)
  4 goliath frogs
  3 shadow demons
  4 sixfirhies
  Amaemon (Lair:1)
  8 pharaoh ants
  4 spriggan druids
  15 deep elf archers
  8 orb spiders
  A golden dragon zombie (Crypt:1)
  3 flayed ghosts
  3 glowing orange brains
  40 deep trolls
  12 swamp dragons
  19 lindwurms
  11 bog bodies
  3 golden dragon skeletons (Depths:2)
  A spectral anaconda (Crypt:3)
  17 ironbound convokers
  4 steelbarb worms
  3 naga ritualists (Depths:3)
  9 starcursed masses (Abyss:3)
  Pikel (D:5)
  8 phantasmal warriors
  5 necromancers
  24 deep elf zephyrmancers
  7 orc sorcerers (Orc:2)
  7 arcanists
  3 shining eyes
  22 deep elf pyromancers
  11 orc knights
  20 wolf spiders
  A fire giant zombie (Vaults:3)
  3 tengu skeletons (Depths:2)
  3 mana vipers (Depths:3)
  11 cyclopes
  A worldbinder (Abyss:3)
  14 elephants
  Maurice (D:7)
  An alligator skeleton (Crypt:2)
  4 will-o-the-wisps
  An iron dragon skeleton (Depths:2)
  17 vault sentinels
  A stone giant skeleton (Depths:2)
  2 manticores
  33 moths of wrath
  A meliai (shapeshifter) (Abyss:3)
  3 meliai (Spider:1)
  25 ugly things
  4 oklob plants (Zot:1)
  An ice statue (D:14)
  2 naga magi (Depths:3)
  9 black mambas
  2 rust devils
  3 fire giant skeletons
  An apocalypse crab (Abyss:3)
  4 frost giant skeletons (Depths:2)
  A guardian serpent (Lair:5)
  15 cane toads
  4 torpor snails
  A centaur skeleton (Crypt:1)
  A cane toad (shapeshifter) (Elf:3)
  8 large abominations
  3 orange demons
  2 smoke demons
  2 eyes of devastation
  3 kobold demonologists
  An unseen horror (D:12)
  A gargoyle (D:10)
  An efreet (D:1)
  A yaktaur zombie (Vaults:3)
  A dire elephant skeleton (Crypt:1)
  A naga skeleton (Crypt:1)
  A red draconian zombie (Crypt:1)
  2 hellions
  A death yak skeleton (Crypt:1)
  4 freezing wraiths
  7 tengu conjurers
  4 tormentors
  3 rime drakes
  An elf skeleton (Vaults:3)
  9 komodo dragons
  An alligator snapping turtle skeleton (Crypt:3)
  An iron troll zombie (Crypt:2)
  A grey draconian skeleton (Crypt:1)
  23 yaktaurs
  A black draconian skeleton (Crypt:2)
  4 polar bears
  9 trolls
  A harpy zombie (WizLab)
  3 tyrant leeches
  10 hornets
  18 tarantellas
  24 blink frogs
  A glass eye (Slime:4)
  2 centaur simulacra (Crypt:2)
  7 dream sheep (Lair:5)
  26 jumping spiders
  3 shadows (Crypt:3)
  80 slime creatures
  A culicivora (shapeshifter) (Depths:1)
  4 air elementals
  18 culicivoras
  19 wraiths
  14 wyverns
  7 water elementals
  5 spriggans
  A vampire (D:11)
  A wyvern (shapeshifter) (D:15)
  4 ynoxinuls
  6 hogs (Lair:5)
  60 yaks
  4 basilisks
  10 golden eyes
  2 humans (D:12)
  2 fire elementals
  2 wargs
  A neqoxec (D:9)
  10 vampire mosquitoes
  A chaos spawn (D:3)
  16 small abominations
  A water nymph zombie (Crypt:2)
  A harpy simulacrum (Crypt:2)
  63 redbacks
  3 acid dragons
  2 glowing shapeshifter zombies (Depths:3)
  A two-headed ogre zombie (Crypt:2)
  19 swamp worms
  23 water moccasins
  A cane toad zombie (Crypt:1)
  A human skeleton (Depths:2)
  An entropy weaver zombie (Crypt:1)
  Duvessa (D:6)
  A fire bat skeleton (Crypt:2)
  22 orc warriors
  5 swamp drakes
  A black bear (D:5)
  2 sky beasts (D:7)
  18 ice beasts
  6 ogres
  40 laughing skulls
  5 boggarts
  8 centaurs
  2 phantoms
  4 kobold brigands
  13 bullfrogs
  A gnoll sergeant (D:5)
  2 weeping skulls (Crypt:3)
  2 scorpions
  3 earth elementals
  6 necrophages
  18 wights
  4 burial acolytes (Crypt:3)
  Dowan (D:6)
  3 killer bees (D:8)
  2 spriggan skeletons
  7 electric eels
  8 howler monkeys
  2 bombardier beetles
  23 orc priests
  22 jellies
  2 hounds (D:5)
  A gnoll bouda (D:9)
  An iguana (D:6)
  19 orc wizards
  7 gnolls
  3 adders
  A shadow imp (D:5)
  2 white imps
  2 ufetubi (D:7)
  An iguana zombie (Crypt:2)
  A worm (D:3)
  3 dart slugs
  56 orcs
  15 bats
  5 endoplasms
  A giant cockroach (D:3)
  2 goblins
  5 hobgoblins
  4 jackals (D:1)
  5 quokkas
  8 ball pythons
  A frilled lizard (D:2)
  A goblin skeleton (D:4)
  A goblin zombie (D:4)
  A hobgoblin zombie (D:4)
  17 kobolds
  2 kobold skeletons (D:4)
  A kobold zombie (D:4)
  2 orc zombies (D:4)
  5 rats
  2 spectral weapons (Vaults:3)
2379 creatures vanquished.

Vanquished Creatures (collateral kills)
  2 lindwurms (Lair:3)
2 creatures vanquished.

Vanquished Creatures (others)
  A deep elf elementalist (Elf:3)
  A ghost moth (Zot:2)
  Nessos (D:14)
  A white draconian (Zot:3)
  An alligator (Swamp:4)
  2 deep elf knights
  A pharaoh ant (Spider:2)
  A deep elf archer (Elf:3)
  2 deep elf zephyrmancers
  A storm dragon simulacrum (Crypt:2)
  A bunyip simulacrum (Crypt:2)
  3 bloated husks
  A tyrant leech (Swamp:2)
  A slime creature (D:14)
  A water elemental (Elf:1)
  A human (Lair:5)
  A swamp worm (Swamp:1)
  2 jellies (Zot:1)
  32 foxfires
55 creatures vanquished.

Grand Total: 2436 creatures vanquished

Notes
Turn   | Place    | Note
-------+----------+-------------------------------------------
     0 | D:1      | grandjackal the Demonspawn Gladiator began the quest for
                  | the Orb.
     0 | D:1      | Reached XP level 1. HP: 16/16 MP: 1/1
    91 | D:1      | Gained mutation: You sometimes gain a little power by
                  | taking damage. [demonic ancestry]
    91 | D:1      | Reached XP level 2. HP: 22/22 MP: 2/2
   683 | D:2      | Reached XP level 3. HP: 25/28 MP: 3/3
   760 | D:2      | Found a hide-covered altar of Uskayaw.
  1355 | D:3      | Reached skill level 1 in Axes
  1359 | D:3      | Gained mutation: You are partially covered in molten
                  | scales. (AC +2) [demonic ancestry]
  1359 | D:3      | Reached XP level 4. HP: 25/34 MP: 4/4
  1949 | D:3      | Found a faded altar of an unknown god.
  2084 | D:4      | Noticed an ogre
  2092 | D:4      | Killed an ogre
  2093 | D:4      | Gained mutation: You sometimes gain power by taking damage.
                  | [demonic ancestry]
  2093 | D:4      | Reached XP level 5. HP: 41/41 MP: 5/5
  2242 | D:4      | Found a staircase to the Ecumenical Temple.
  2267 | Temple   | Entered the Ecumenical Temple
  2358 | D:4      | Noticed an ogre
  2364 | D:4      | Killed an ogre
  2365 | D:4      | Gained mutation: You are mostly covered in molten scales.
                  | (AC +3) [demonic ancestry]
  2365 | D:4      | Reached XP level 6. HP: 25/48 MP: 6/6
  2465 | D:4      | Found a snail-covered altar of Cheibriados.
  2540 | D:4      | Found Senet's Magic Scroll Shop.
  2549 | D:4      | Bought a scroll of blinking for 90 gold pieces
  2549 | D:4      | Bought a scroll of teleportation for 36 gold pieces
  2549 | D:4      | Bought a scroll of fear for 48 gold pieces
  3020 | D:5      | Entered Level 5 of the Dungeon
  3031 | D:5      | Noticed an ice beast
  3080 | D:4      | Bought a scroll of fog for 48 gold pieces
  3129 | D:5      | Killed an ice beast
  3130 | D:5      | Reached skill level 1 in Shields
  3203 | D:5      | Noticed Pikel
  3233 | D:5      | Killed Pikel
  3234 | D:5      | Reached skill level 5 in Fighting
  3234 | D:5      | Gained mutation: You have a pair of small antennae on your
                  | head. [demonic ancestry]
  3234 | D:5      | Reached XP level 7. HP: 12/56 MP: 7/7
  3407 | D:5      | Gained mutation: You are partially covered in sharp spines.
                  | [demonic ancestry]
  3407 | D:5      | Reached XP level 8. HP: 13/64 MP: 8/8
  3590 | D:5      | Found a shadowy altar of Dithmenos.
  3649 | D:4      | Became a worshipper of Cheibriados the Contemplative
  3741 | D:5      | Found a shimmering altar of Xom.
  3741 | D:5      | Found a shimmering altar of Xom.
  3741 | D:5      | Found a shimmering altar of Xom.
  3742 | D:5      | Found a shimmering altar of Xom.
  3742 | D:5      | Found a shimmering altar of Xom.
  3742 | D:5      | Found a shimmering altar of Xom.
  3742 | D:5      | Found a shimmering altar of Xom.
  3755 | D:5      | Reached skill level 1 in Invocations
  3781 | D:5      | Found a shimmering altar of Xom.
  3781 | D:5      | Found a shimmering altar of Xom.
  3910 | D:5      | Found a shimmering altar of Xom.
  4014 | D:5      | Found a shimmering blue altar of Sif Muna.
  4033 | D:5      | Reached skill level 5 in Axes
  4464 | D:6      | Reached * piety under Cheibriados
  4486 | D:6      | Noticed Duvessa
  4486 | D:6      | Noticed Dowan
  4505 | D:6      | Killed Duvessa
  4511 | D:6      | Killed Dowan
  5298 | D:7      | Reached XP level 9. HP: 71/71 MP: 12/12
  5353 | D:7      | Noticed Maurice
  5363 | D:7      | HP: 3/68 [wight/+4 trident (7)]
  5602 | D:7      | Reached skill level 5 in Invocations
  5908 | D:7      | Reached skill level 5 in Shields
  6049 | D:7      | Killed Maurice
  6256 | D:8      | Found a blossoming altar of Fedhas.
  6488 | D:8      | Found a runed translucent gate.
  6489 | D:8      | Found a runed translucent gate.
  6489 | D:8      | Found a runed translucent gate.
  6491 | D:8      | Noticed a boulder beetle
  6493 | D:8      | Noticed bungle's ghost (novice GnDe)
  6495 | D:8      | Noticed a cyclops
  6687 | D:8      | Reached ** piety under Cheibriados
  6996 | D:8      | Found Zeeps's Magic Scroll Shop.
  7003 | D:8      | Bought a scroll of blinking for 90 gold pieces
  7003 | D:8      | Bought a scroll of fear for 48 gold pieces
  7003 | D:8      | Bought a scroll of identify for 24 gold pieces
  7003 | D:8      | Bought a scroll of vulnerability for 48 gold pieces
  7011 | D:8      | Found a staircase to the Lair.
  7012 | D:8      | Noticed a komodo dragon
  7030 | D:8      | Killed a komodo dragon
  7031 | D:8      | Reached XP level 10. HP: 15/80 MP: 15/15
  7278 | D:8      | Found the +18 Lear's hauberk
  7724 | D:9      | Found an ancient bone altar of Kikubaaqudgha.
  7745 | D:9      | Reached *** piety under Cheibriados
  8034 | D:9      | Found a staircase to the Orcish Mines.
  8379 | D:10     | Entered Level 10 of the Dungeon
  8615 | D:10     | Noticed a gargoyle
  8623 | D:10     | Killed a gargoyle
  8683 | D:10     | Noticed Urug
  8692 | D:10     | Killed Urug
  8693 | D:10     | Reached XP level 11. HP: 80/89 MP: 16/18
  8784 | D:10     | Found Tueraq's General Store.
  8788 | D:10     | Bought a scroll of blinking for 105 gold pieces
  8908 | D:10     | Reached **** piety under Cheibriados
  9185 | D:10     | Bought a potion of cancellation for 112 gold pieces
  9259 | D:11     | Reached skill level 10 in Invocations
  9982 | D:12     | Reached skill level 10 in Fighting
 10342 | D:12     | Found an iron altar of Okawaru.
 10402 | D:12     | Noticed a two-headed ogre
 10411 | D:12     | Killed a two-headed ogre
 10957 | Lair:1   | Entered Level 1 of the Lair of Beasts
 11028 | Lair:1   | Noticed Amaemon
 11034 | Lair:1   | Gained mutation: You are mostly covered in sharp spines.
                  | [demonic ancestry]
 11034 | Lair:1   | Reached XP level 12. HP: 59/98 MP: 20/20
 11039 | Lair:1   | Killed Amaemon
 11298 | Lair:1   | Reached ***** piety under Cheibriados
 11519 | Lair:1   | Noticed a catoblepas
 11527 | Lair:1   | Killed a catoblepas
 12022 | Lair:2   | Found a staircase to the Swamp.
 12027 | Lair:2   | Found a hole to the Spider Nest.
 12051 | Lair:2   | Identified the +2 chain mail of Insurance {rC++ rCorr
                  | Int-3}
 12374 | Lair:2   | Reached skill level 10 in Axes
 12590 | Lair:2   | Noticed a six-headed hydra
 12600 | Lair:2   | Killed a two-headed hydra
 12612 | Lair:2   | Noticed a seven-headed hydra
 12623 | Lair:2   | Killed a three-headed hydra
 12855 | Lair:2   | Noticed an eight-headed hydra
 12861 | Lair:2   | Killed a five-headed hydra
 13040 | Lair:2   | You fall into a shaft and drop 2 floors!
 13040 | Lair:4   | Noticed a death yak
 13040 | Lair:4   | Noticed a death yak
 13040 | Lair:4   | Noticed a death yak
 13040 | Lair:4   | Noticed a death yak
 13042 | Lair:4   | Noticed a death yak
 13048 | Lair:4   | Killed a death yak
 13051 | Lair:4   | Killed a death yak
 13054 | Lair:4   | Killed a death yak
 13055 | Lair:4   | Reached skill level 10 in Shields
 13055 | Lair:4   | Killed a death yak
 13056 | Lair:4   | Reached XP level 13. HP: 42/107 MP: 22/22
 14211 | Lair:3   | Reached ****** piety under Cheibriados
 14984 | Lair:4   | Found a staircase to the Slime Pits.
 14985 | Lair:4   | Found a viscous altar of Jiyva.
 15578 | Lair:4   | Noticed Sonja
 15581 | Lair:4   | Killed Sonja
 15854 | Lair:5   | Entered Level 5 of the Lair of Beasts
 15996 | Lair:5   | Reached XP level 14. HP: 109/116 MP: 25/25
 16062 | Lair:5   | Noticed Kirke
 16071 | Lair:5   | Noticed a sphinx
 16079 | Lair:5   | Killed Kirke
 16080 | Lair:5   | Reached skill level 15 in Invocations
 17235 | Lair:5   | Got the Spellbook of Frigid Death
 17433 | Lair:5   | Identified the +7 quarterstaff of Duty {spect, Str+2}
 17942 | Lair:3   | Identified the +1 shortbow of Defenestration {freeze, rPois
                  | rCorr Int-3 Dex+3}
 17961 | Lair:3   | Identified 2 scrolls of acquirement
 18064 | Lair:3   | Acquired the amulet of Kindness {Reflect Dex+3 SH+5 Stlth+}
 18079 | Lair:3   | Acquired the ring of Boruomn {Fly rElec rC- Dex+3}
 18183 | Orc:1    | Entered Level 1 of the Orcish Mines
 18376 | Orc:1    | Found a runed translucent gate.
 18402 | Orc:1    | Found a runed translucent gate.
 18402 | Orc:1    | Found a runed translucent gate.
 18410 | Orc:1    | Found an opulent altar of Gozag.
 18411 | Orc:1    | Noticed Hiemodod's ghost (journeyman DsFi)
 18521 | Orc:1    | Found Nejorrur's Assorted Antiques.
 18545 | Orc:2    | Entered Level 2 of the Orcish Mines
 18652 | Orc:2    | Noticed an orc warlord
 18672 | Orc:2    | Killed an orc warlord
 19047 | Orc:2    | Found Hyoghiur's Magic Scroll Shoppe.
 19064 | Orc:2    | Gained mutation: Your presence sometimes corrodes those you
                  | injure. [demonic ancestry]
 19064 | Orc:2    | Reached XP level 15. HP: 94/126 MP: 27/27
 19068 | Orc:2    | Found Plog's General Store.
 19882 | Orc:2    | Found a staircase to the Elven Halls.
 20199 | Orc:2    | Bought a scroll of enchant armour for 120 gold pieces
 20203 | Orc:2    | Bought a scroll of teleportation for 39 gold pieces
 20203 | Orc:2    | Bought a scroll of blinking for 97 gold pieces
 20650 | Orc:2    | Found Amaenum's Antique Armour Shop.
 20650 | Orc:2    | Found a one-way gate leading to the halls of Pandemonium.
 20650 | Orc:2    | Found Luoxzoun's Book Boutique.
 20656 | Orc:2    | Bought a pair of encrusted boots for 247 gold pieces
 20656 | Orc:2    | Identified the +2 pair of boots "Anoum" {rPois Int+3 SInv}
                  | (You bought it in a shop on level 2 of the Orcish Mines)
 21381 | D:13     | Identified the +3 falchion of Deformation {flame, Fly rN+}
 21629 | D:13     | Found a gate to the Vaults.
 21629 | D:13     | Noticed a storm dragon
 21639 | D:13     | Killed a storm dragon
 22321 | D:14     | Noticed Nessos
 22808 | D:14     | Killed Nessos
 22923 | D:14     | Found a blossoming altar of Fedhas.
 22927 | D:14     | Identified the +0 cloak of the King of the Hill {Fly}
 23115 | D:14     | Found a portal to a secret trove of treasure.
 23128 | D:14     | Reached skill level 15 in Fighting
 23576 | D:14     | Noticed a frost giant
 23587 | D:14     | Killed a frost giant
 23963 | D:14     | Gained mutation: Your presence sometimes corrodes or
                  | deforms those you injure. [demonic ancestry]
 23963 | D:14     | Reached XP level 16. HP: 39/136 MP: 28/28
 24201 | D:14     | Identified the +0 plate armour "Munast" {Rampage +Blink rN+
                  | Stlth+}
 24329 | D:15     | Entered Level 15 of the Dungeon
 24446 | D:15     | Found a staircase to the Depths.
 24647 | D:15     | Got Sif Muna's Guidebook on Rime and the Pyre
 25648 | Spider:1 | Entered Level 1 of the Spider Nest
 25657 | Spider:1 | Noticed Jorgrun
 25672 | Spider:1 | Killed Jorgrun
 25775 | Spider:1 | Gained mutation: You are weak. (Str -2) [mutagenic glow]
 26944 | Spider:1 | Noticed Donald
 26960 | Spider:1 | Killed Donald
 28470 | Spider:3 | Gained mutation: You are completely covered in sharp
                  | spines. [demonic ancestry]
 28470 | Spider:3 | Reached XP level 17. HP: 144/144 MP: 30/30
 29334 | Spider:4 | Entered Level 4 of the Spider Nest
 29334 | Spider:4 | Noticed Louise
 29360 | Spider:4 | Killed Louise
 29787 | Spider:4 | Reached skill level 15 in Axes
 30604 | Spider:4 | Found the +2 hood of the Assassin {Detect Stab+ Stlth++}
 30801 | Spider:4 | Reached skill level 15 in Shields
 30842 | Spider:4 | Got a gossamer rune of Zot
 31119 | Swamp:1  | Entered Level 1 of the Swamp
 31183 | Swamp:1  | Reached skill level 1 in Armour
 31578 | Swamp:1  | You are sucked into a shaft and drop 1 floor!
 33266 | Swamp:4  | Entered Level 4 of the Swamp
 33293 | Swamp:4  | Reached XP level 18. HP: 151/154 MP: 32/32
 33483 | Swamp:4  | Got a decaying rune of Zot
 34691 | Elf:1    | Entered Level 1 of the Elven Halls
 34747 | Elf:1    | Reached skill level 5 in Armour
 34882 | Elf:1    | Noticed Roxanne
 34901 | Elf:1    | Killed Roxanne
 35168 | Elf:1    | Found Syex's Distillery.
 35168 | Elf:1    | Found Koilish's Armour Emporium.
 35197 | Elf:1    | Bought a potion of curing for 42 gold pieces
 35197 | Elf:1    | Bought a potion of curing for 42 gold pieces
 35197 | Elf:1    | Bought a potion of resistance for 140 gold pieces
 35734 | Abyss:2  | Cast into level 2 of the Abyss (a deep elf sorcerer)
 35816 | Abyss:3  | Found a corrupted altar of Lugonu.
 36049 | Abyss:3  | Noticed a tentacled monstrosity
 36052 | Abyss:3  | Found a corrupted altar of Lugonu.
 36060 | Abyss:3  | Killed a tentacled monstrosity
 36176 | Elf:1    | Escaped the Abyss
 36778 | Elf:1    | Found Tigg's Magic Scroll Shop.
 36786 | Elf:1    | Bought a scroll of teleportation for 57 gold pieces
 36786 | Elf:1    | Bought a scroll of teleportation for 57 gold pieces
 36786 | Elf:1    | Bought a scroll of teleportation for 57 gold pieces
 36993 | Elf:2    | Gained mutation: You have a pair of antennae on your head.
                  | [demonic ancestry]
 36993 | Elf:2    | Reached XP level 19. HP: 126/163 MP: 33/33
 37660 | Elf:2    | Paralysed by an air elemental for 1 turns
 37662 | Elf:2    | Paralysed by an air elemental for 1 turns
 37718 | Elf:2    | Found Qazaz's General Store.
 38015 | Elf:2    | Found a runed translucent door.
 38020 | Elf:2    | Noticed Viaheush's ghost (journeyman GnWn)
 38175 | Elf:2    | Found a runed translucent gate.
 38176 | Elf:2    | Found a runed translucent gate.
 38176 | Elf:2    | Found a runed translucent gate.
 38207 | Elf:3    | Entered Level 3 of the Elven Halls
 38390 | Elf:3    | Found Cosad's Jewellery Shop.
 38392 | Elf:3    | Found Luori's Book Shoppe.
 38396 | Elf:3    | Found Epupi's Jewellery Shop.
 38401 | Elf:3    | Bought the ring "Xomponyo" {rElec rF+ Int+3 Dex-3} for 507
                  | gold pieces
 38441 | Elf:3    | Found Utweaty's Magic Scroll Emporium.
 38449 | Elf:3    | Bought a scroll of blinking for 127 gold pieces
 38449 | Elf:3    | Bought a scroll of fear for 68 gold pieces
 39486 | Elf:3    | Identified the ring "Gyrue" {^Contam rF+++ rN+ EV+5 Int+4}
 40236 | Elf:3    | Noticed a Tzitzimitl
 40236 | Elf:3    | Noticed a Brimstone Fiend
 40284 | Elf:3    | Identified the +4 mace of the Mosquito {heavy, ^Drain rPois
                  | Will+ Str+4}
 40545 | Elf:3    | Got the Compilation of the Reshaped Serac
 40934 | Vaults:1 | Entered Level 1 of the Vaults
 40956 | Vaults:1 | Found a flickering gateway to a bazaar.
 40962 | Bazaar   | Entered a bazaar
 40964 | Bazaar   | Found Qamuiz's Weapon Boutique.
 40968 | Bazaar   | Found Toh Lobb's Weapon Boutique.
 40968 | Bazaar   | Found Coumnaq's Weapon Boutique.
 40968 | Bazaar   | Found Taash's Antique Weapon Boutique.
 40997 | Vaults:1 | Identified the serpent talisman of Plog {*Slow rC+ Will+}
 40997 | Vaults:1 | Noticed Aizul
 41010 | Vaults:1 | Killed Aizul
 41794 | Vaults:1 | Paralysed by a formless jellyfish for 1 turns
 41837 | Vaults:1 | Reached XP level 20. HP: 108/174 MP: 33/35
 42739 | Vaults:2 | Noticed Saint Roka
 42757 | Vaults:2 | Killed Saint Roka
 43443 | Vaults:2 | Identified the +0 chain mail of Siodisch {rElec Stlth+}
 44285 | Vaults:3 | Reached skill level 10 in Armour
 45110 | Vaults:3 | Noticed Bai Suzhen
 45121 | Vaults:3 | Killed Bai Suzhen
 45409 | Vaults:3 | Found a staircase to the Crypt.
 46085 | Vaults:4 | Gained mutation: You have a pair of large antennae on your
                  | head. (SInv) [demonic ancestry]
 46085 | Vaults:4 | Reached XP level 21. HP: 176/183 MP: 37/37
 46115 | Vaults:4 | Found Xubeus Nikh's Weapon Emporium.
 47795 | Crypt:1  | Entered Level 1 of the Crypt
 47887 | Crypt:1  | Reached skill level 5 in Dodging
 48334 | Crypt:1  | Found a runed translucent door.
 48334 | Crypt:1  | Noticed yetimobile's ghost (veteran FeAE)
 48635 | Crypt:1  | Found the +3 giant club "Skullcrusher" {speed, Str+7}
 49411 | Crypt:1  | Identified the +3 scale mail "Itsuuky" {Rampage Int+3 SInv}
 49503 | Crypt:2  | Found a magical portal.
 49573 | Crypt:2  | Noticed Jory
 49639 | Crypt:2  | Reached XP level 22. HP: 65/194 MP: 38/38
 49912 | Crypt:2  | Killed Jory
 49925 | WizLab   | Entered Borgnjor's Mausoleum
 50554 | Crypt:2  | Identified the ring of Ifiyrgh {Ice rCorr Int+2}
 50554 | Crypt:2  | Noticed Josephina
 50562 | Crypt:3  | Entered Level 3 of the Crypt
 50731 | Crypt:2  | Killed Josephina
 51106 | Crypt:3  | Found a basalt altar of Yredelemnul.
 51572 | Crypt:3  | Noticed Grunn
 51591 | Crypt:3  | Killed Grunn
 51597 | Crypt:3  | HP: 3/196 [ancient champion/iron shot (40)]
 52437 | Crypt:3  | Found a staircase to the Tomb.
 52444 | Crypt:3  | Found the +7 great mace "Undeadhunter" {deathbane, rN+}
 52474 | Crypt:3  | Identified the +6 whip of a sewer {pain, rF+ Int+3}
 52546 | Crypt:3  | Identified the +3 trident of Execution {holy, rC++ Will++
                  | Int-5}
 53079 | Depths:1 | Entered Level 1 of the Depths
 53279 | Depths:1 | Noticed a juggernaut
 53292 | Depths:1 | Killed a juggernaut
 53532 | Depths:1 | Reached skill level 27 in Invocations
 53725 | Depths:1 | Reached skill level 10 in Dodging
 54112 | Depths:1 | Reached XP level 23. HP: 204/204 MP: 40/40
 54270 | Depths:1 | Found a gateway to Hell.
 55043 | Depths:2 | Identified the amulet of Uhesolur {Faith Will+ Int+5}
 55045 | Depths:2 | Identified the staff of Bedazzled Defence {rElec MP+9 Summ
                  | Necro Ice Air}
 55648 | Depths:2 | Identified the +3 robe of the Bulwark {Int+4}
 56179 | Depths:2 | Noticed Norris
 56202 | Depths:2 | Killed Norris
 56933 | Depths:3 | Found a one-way gate to the infinite horrors of the Abyss.
 57998 | Depths:3 | Found a one-way gateway to a ziggurat.
 58165 | Depths:4 | Entered Level 4 of the Depths
 58998 | Depths:4 | Found a gate to the Realm of Zot.
 59477 | Slime:1  | Entered Level 1 of the Pits of Slime
 59539 | Slime:2  | Gained mutation: You are powered by pain. [demonic
                  | ancestry]
 59539 | Slime:2  | Reached XP level 24. HP: 170/215 MP: 40/40
 59888 | Slime:5  | Entered Level 5 of the Pits of Slime
 59901 | Slime:5  | Paralysed by a formless jellyfish for 1 turns
 60306 | Slime:5  | Noticed the Royal Jelly
 60671 | Slime:5  | Killed the Royal Jelly
 60700 | Slime:4  | HP: 10/216 [acid blob/splash of acid[the Royal Jelly] (17)]
 61213 | Slime:5  | Identified the ring of the Blind Eye {Slay+3 SInv}
 61251 | Slime:5  | Identified the ring of Nutronne {rPois rC+ EV+5 Dex-5
                  | Stlth+}
 61260 | Slime:5  | Got Gorphuirch's Grimoire of the Volcano and Phlogiston
 61262 | Slime:5  | Identified the +5 scale mail of Howling Wind {MP+9 Dex+5}
 61266 | Slime:5  | Got the Almanac of Outbursts
 61292 | Slime:5  | Got a slimy rune of Zot
 61714 | Zot:1    | Entered Level 1 of the Realm of Zot
 61743 | Zot:1    | Noticed an orb of fire
 61852 | Zot:1    | Gained mutation: You are frail. (-10% HP) [an orb of fire]
 61855 | Zot:1    | Gained mutation: You are very frail. (-20% HP) [an orb of
                  | fire]
 61862 | Zot:1    | Gained mutation: Your magical capacity is low. (-10% MP)
                  | [an orb of fire]
 61871 | Zot:1    | Killed an orb of fire
 61888 | Depths:4 | Lost mutation: You are weak. (Str -2) [potion of mutation]
 61888 | Depths:4 | Lost mutation: You are very frail. (-20% HP) [potion of
                  | mutation]
 61888 | Depths:4 | Gained mutation: Your mind is acute. (Int +4, Str/Dex -1)
                  | [potion of mutation]
 63181 | Zot:1    | Reached skill level 15 in Armour
 64927 | Zot:2    | Gained mutation: You are completely covered in molten
                  | scales. (AC +4, rF+) [demonic ancestry]
 64927 | Zot:2    | Reached XP level 25. HP: 202/202 MP: 36/36
 65441 | Zot:2    | Got the Annotations on Bedrock and Spellbinding
 65542 | Zot:2    | Reached skill level 15 in Dodging
 65922 | Zot:2    | Identified the +7 chain mail of Ru's Reproof {-Cast rF+
                  | rCorr}
 66439 | Zot:3    | Noticed an orb of fire
 66440 | Zot:3    | Gained mutation: You do not regenerate when monsters are
                  | visible. [an orb of fire]
 66452 | Zot:3    | Gained mutation: You occasionally lose the ability to drink
                  | potions when taking damage. [an orb of fire]
 66454 | Zot:3    | Killed an orb of fire
 66455 | Zot:3    | Lost mutation: You are frail. (-10% HP) [potion of
                  | mutation]
 66455 | Zot:3    | Lost mutation: Your mind is acute. (Int +4, Str/Dex -1)
                  | [potion of mutation]
 66455 | Zot:3    | Lost mutation: You occasionally lose the ability to drink
                  | potions when taking damage. [potion of mutation]
 66455 | Zot:3    | Lost mutation: Your magical capacity is low. (-10% MP)
                  | [potion of mutation]
 66455 | Zot:3    | Gained mutation: Your muscles are strong. (Str +4, Int/Dex
                  | -1) [potion of mutation]
 66456 | Zot:3    | Lost mutation: Your muscles are strong. (Str +4, Int/Dex
                  | -1) [potion of mutation]
 66456 | Zot:3    | Lost mutation: You do not regenerate when monsters are
                  | visible. [potion of mutation]
 66456 | Zot:3    | Gained mutation: Your magical capacity is low. (-10% MP)
                  | [potion of mutation]
 68520 | Zot:3    | Identified the +3 chain mail of Purpose {-Tele Str+3 Int+3}
 68552 | Zot:3    | Got the Opusculum on the Transforming Graveyard
 70029 | Zot:4    | Found a transporter.
 70221 | Zot:4    | Found a transporter.
 70247 | Zot:4    | Found a transporter.
 70297 | Zot:4    | Found a transporter.
 70314 | Zot:5    | Entered Level 5 of the Realm of Zot
 70349 | Zot:5    | Gained mutation: You can speak a Word of Chaos. [demonic
                  | ancestry]
 70349 | Zot:5    | Reached XP level 26. HP: 128/237 MP: 36/36
 70541 | Zot:5    | Noticed an ancient lich
 71014 | Zot:5    | Killed an ancient lich
 71093 | Zot:5    | Noticed a dread lich
 71111 | Zot:5    | Noticed a dread lich
 71122 | Zot:5    | Killed a dread lich
 71181 | Zot:5    | Noticed an orb of fire
 71196 | Zot:5    | Noticed an ancient lich
 71651 | Zot:5    | Noticed an orb of fire
 71652 | Zot:5    | Gained mutation: You are weak. (Str -2) [an orb of fire]
 71653 | Zot:5    | Gained mutation: You sometimes lose your temper in combat.
                  | [an orb of fire]
 71659 | Zot:5    | Gained mutation: You have hidden genetic potential. [an orb
                  | of fire]
 71665 | Zot:5    | Gained mutation: You are dopey. (Int -2) [an orb of fire]
 71666 | Zot:5    | Gained mutation: You occasionally lose the ability to drink
                  | potions when taking damage. [an orb of fire]
 71671 | Zot:5    | Killed an orb of fire
 71787 | Zot:5    | Lost mutation: You are dopey. (Int -2) [potion of mutation]
 71787 | Zot:5    | Lost mutation: You have hidden genetic potential. [potion
                  | of mutation]
 71787 | Zot:5    | Lost mutation: You sometimes lose your temper in combat.
                  | [potion of mutation]
 71787 | Zot:5    | Gained mutation: Your spells are a little easier to cast,
                  | but a little less powerful. [potion of mutation]
 71788 | Zot:5    | Lost mutation: Your magical capacity is low. (-10% MP)
                  | [potion of mutation]
 71788 | Zot:5    | Lost mutation: Your spells are a little easier to cast, but
                  | a little less powerful. [potion of mutation]
 71788 | Zot:5    | Gained mutation: You occasionally lose the ability to read
                  | scrolls when taking damage. [potion of mutation]
 71788 | Zot:5    | Lost mutation: You are weak. (Str -2) [potion of mutation]
 71788 | Zot:5    | Gained mutation: You expend magic power (3 MP) to
                  | strengthen your wands. [potion of mutation]
 71789 | Zot:5    | Lost mutation: You expend magic power (3 MP) to strengthen
                  | your wands. [potion of mutation]
 71789 | Zot:5    | Lost mutation: You occasionally lose the ability to read
                  | scrolls when taking damage. [potion of mutation]
 71789 | Zot:5    | Lost mutation: You occasionally lose the ability to drink
                  | potions when taking damage. [potion of mutation]
 71789 | Zot:5    | Gained mutation: You are resistant to electric shocks.
                  | (rElec) [potion of mutation]
 71789 | Zot:5    | Gained mutation: You expend magic power (3 MP) to
                  | strengthen your wands. [potion of mutation]
 71818 | Zot:5    | Killed an ancient lich
 71819 | Zot:5    | Gained mutation: You occasionally lose the ability to read
                  | scrolls when taking damage. [an orb of fire]
 71844 | Zot:5    | Gained mutation: Your magical capacity is low. (-10% MP)
                  | [an orb of fire]
 71853 | Zot:5    | Gained mutation: You sometimes lose the ability to read
                  | scrolls when taking damage. [an orb of fire]
 71855 | Zot:5    | Killed an orb of fire
 71882 | Zot:5    | Noticed an orb of fire
 71883 | Zot:5    | Gained mutation: You have hidden genetic defects. [an orb
                  | of fire]
 71885 | Zot:5    | Gained mutation: You are dopey. (Int -2) [an orb of fire]
 71885 | Zot:5    | Gained mutation: Armour fits poorly on your strangely
                  | shaped body. [an orb of fire]
 71895 | Zot:5    | Gained mutation: You are weak. (Str -2) [an orb of fire]
 71898 | Zot:5    | Killed an orb of fire
 72093 | Zot:4    | Lost mutation: You expend magic power (3 MP) to strengthen
                  | your wands. [potion of mutation]
 72093 | Zot:4    | Lost mutation: You sometimes lose the ability to read
                  | scrolls when taking damage. [potion of mutation]
 72093 | Zot:4    | Lost mutation: You occasionally lose the ability to read
                  | scrolls when taking damage. [potion of mutation]
 72093 | Zot:4    | Lost mutation: You are dopey. (Int -2) [potion of mutation]
 72093 | Zot:4    | Gained mutation: Potions are less effective at restoring
                  | your health. [potion of mutation]
 72093 | Zot:4    | Gained mutation: Your flesh is heat resistant. (rF+)
                  | [potion of mutation]
 72094 | Zot:4    | Lost mutation: You are weak. (Str -2) [potion of mutation]
 72094 | Zot:4    | Lost mutation: You have hidden genetic defects. [potion of
                  | mutation]
 72094 | Zot:4    | Lost mutation: Armour fits poorly on your strangely shaped
                  | body. [potion of mutation]
 72094 | Zot:4    | Gained mutation: You are dopey. (Int -2) [potion of
                  | mutation]
 72138 | Zot:5    | Noticed an ancient lich
 72147 | Zot:5    | Killed an ancient lich
 72150 | Zot:5    | Paralysed by a dread lich for 4 turns
 72156 | Zot:5    | Killed a dread lich
 72742 | Zot:5    | Got the Orb of Zot
 73130 | D:15     | Noticed Arirchiy the pandemonium lord
 73142 | D:15     | Killed Arirchiy the pandemonium lord
 73173 | D:15     | Noticed Onadeig the pandemonium lord
 73788 | D:1      | Reached skill level 27 in Fighting
 73936 | D:1      | Reached XP level 27. HP: 129/249 MP: 36/36
 73943 | D:$      | Escaped with the Orb!

Illustrated notes

Levels and vault maps discovered:
D:1:      minmay_arrival_wavy_path, layout_rooms, nicolae_twisty_statue_hallways
D:2:      layout_rooms, basic_altar, st_stairs_12, moated_statue,
          minmay_misc_feat_nine_boxes
D:3:      layout_loops_corners, shapermc_ecumenical_altar_pompeii,
          corexii_shack, roderic_batcave
D:4:      layout_basic, kennysheep_slug_shrine, nicolae_tso_besieged_by_evil,
          minmay_temple_entry_tees, serial_shops, shop
D:5:      layout_rooms, kennysheep_mini_moat, xom_redecorated,
          mainiacjoe_overflow_catwalk, uniq_pikel
D:6:      layout_loops_ring, mainiacjoe_overflow_alcove_1, uniq_duvessa
D:7:      layout_basic, amethyst_killhole, uniq_maurice
D:8:      layout_rooms, mainiacjoe_overflow_cross_hatched,
          mainiacjoe_overflow_concentric_impassable, david_lair_shrubbed,
          gammafunk_ghost_split, serial_shops, shop
D:9:      layout_basic, mainiacjoe_overflow_tiny_flanked, orc_0_dummy,
          minmay_chambers_of_fives
D:10:     layout_gridville, serial_shops, nicolae_shop_back_alley_shop,
          uniq_urug
D:11:     layout_irregular_city
D:12:     layout_loops_ring, okawaru_humans
D:13:     layout_gridville, hellmonk_vaults_attempted_burglary, feat_on_display
D:14:     minmay_twisted_water, layout_basic, enter_trove_0, old_standard_altar,
          uniq_nessos
D:15:     gammafunk_enter_depths_forms, layout_basic, grunt_decor_mini_mirrors,
          laboratory
Temple:   nicolae_temple_ecumenical_triangle
Lair:1:   layout_misc_corridors, uniq_amaemon
Lair:2:   layout_regular_city, swamp_mist, dummy_spider_entry,
          infiniplex_staircase_pool_2, grunt_megastairs_4, lemuel_fruit_fields
Lair:3:   statuecave_lemuel, layout_regular_city, minmay_lindwurm_lava,
          infiniplex_staircase_pool, grunt_megastairs_2
Lair:4:   layout_regular_city, slime_entry_1, serial_bayou_shore_b, uniq_sonja
Lair:5:   hangedman_lair_tendril_chambers, layout_cave_pods, minivault_24,
          minivault_24, nicolae_lair_lindhole, serial_bayou_shore_b, uniq_kirke
Swamp:1:  layout_falls_marsh, nicolae_swamp_very_dense_foliage
Swamp:2:  layout_falls_marsh, evilmike_swamp_ruin_house_6
Swamp:3:  layout_basic_swamp, evilmike_swamp_ruin_rubble_1
Swamp:4:  swamp_alternative, layout_basic_swamp
Spider:1: layout_chambers, hangedman_spider_tarantella_strand, uniq_jorgrun,
          uniq_donald
Spider:2: layout_spider_delve, nicolae_spider_cling_halls
Spider:3: layout_spider_delve
Spider:4: grunt_spider_rune_parallel, nicolae_spider_bzzzt, uniq_louise
Slime:1:  layout_caves
Slime:2:  layout_caves
Slime:3:  layout_caves
Slime:4:  layout_caves
Slime:5:  slime_pit
Orc:1:    layout_caves, ebering_ghost_gozag
Orc:2:    pf_orc_diabolical, layout_caves, basic_altar
Elf:1:    minmay_elf_arrival_summoners, layout_geoelf_grid, serial_shops,
          nicolae_shop_tiny_glass, hangedman_elf_disciples, grunt_ministairs_7,
          minmay_shoptagon, uniq_roxanne
Elf:2:    nicolae_elf_blades_crystal_corner, layout_onion_city, serial_shops,
          nicolae_shop_peninsula, ebering_ghost_inner_flame
Elf:3:    minmay_elf_hall_curves, layout_rooms, serial_shops, shop,
          minmay_shop_grove
Vaults:1: vaults_room_stairs_pillars, nicolae_vaults_doubleplus_tesselated,
          nicolae_vaults_double_plus_3, v_rooms_4,
          nicolae_vaults_little_squares_3, nicolae_vaults_house_1, v_misc_11,
          layout_vaults_omnigrid, serial_shops, bzr_entry_road, uniq_aizul
Vaults:2: portal_desolation_entry_nicolae_slug, v_misc_13,
          nicolae_vaults_what_the_h, nicolae_vaults_diagonal_hallway_8,
          ontoclasm_vaults_fault, nicolae_vaults_little_ls,
          nicolae_vaults_double_plus_1, vaults_room_fours,
          nicolae_vaults_little_squares_4, nicolae_vaults_tetromino_T_1,
          nicolae_vaults_trapezoid_lopsided_1, layout_vaults_chaotic_city,
          uniq_saint_roka
Vaults:3: grunt_vaults_twisty, v_rooms_5, v_alt_pattern_1,
          vaults_room_door_hall, nicolae_vaults_halls_meeting,
          vaults_room_stairs_pillars, nicolae_vaults_stairing_the_circle,
          v_misc_13, nicolae_vaults_windows_and_doors_thing,
          nicolae_vaults_rhombus_6, nicolae_vaults_little_squares_1,
          nicolae_vaults_yaktaur_gun_rack, layout_vaults_omnicross,
          minmay_crypt_entry_simple_statues, uniq_bai_suzhen
Vaults:4: v_alt_pattern_2, nicolae_vaults_offset_grid_hallway_1,
          hangedman_vaults_impose, nicolae_vaults_taking_the_gang_shopping,
          ontoclasm_vaults_pinch, vaults_room_corners, nicolae_vaults_mush_room,
          hangedman_vaults_slice, nicolae_vaults_twisting_passages,
          ontoclasm_vaults_gateway, v_misc_24, vaults_room_door_hall,
          layout_vaults_maze_bifur
Crypt:1:  layout_basic, hellmonk_ghost_happy_afterlife,
          minmay_guarded_unrand_skullcrusher, grunt_crypt_arrival_split
Crypt:2:  layout_rooms, infiniplex_enter_wizlab_water, uniq_josephina, uniq_jory
Crypt:3:  grunt_crypt_end_deaths_head, uniq_grunn
Depths:1: layout_small_grid, nicolae_eternal_life, pf_coc_iceberg,
          unseen_surprise_small, grunt_megastairs_5, serial_bayou_shore_b
Depths:2: minmay_skeleton_keep, layout_gridlike, hell_entry,
          rand_demon_pan_entry_4, uniq_norris
Depths:3: cheibrodos_poisonous_passages, layout_cave_shapes, enter_ziggurat_b,
          hell_entry, abyss_entry, chequers_serial_rivers_room_b,
          rand_demon_pan_entry_5
Depths:4: evilmike_zot_entry_basic, layout_cross, serial_sigils,
          serial_sigils_hangedman_leer, serial_sigils_hangedman_scar,
          serial_sigils_hangedman_scratch, serial_sigils_hangedman_shear,
          serial_sigils_hangedman_etch, serial_sigils_hangedman_shear,
          hell_entry
Zot:1:    lemuel_acid_trip, layout_cathedral_of_symmetry
Zot:2:    kennysheep_oblong_rooms, layout_basic
Zot:3:    regret_index_all_hallows'_manor, layout_misc_corridors,
          grunt_ministairs_13
Zot:4:    layout_gridlike, regret_index_zot_stipple_split,
          nicolae_transporter_intersection
Zot:5:    layout_misc_corridors, bh_zot_ikea_curve

Skill      XL: |  1  2  3  4  5  6  7  8  9 10 11 12 13 14 15 16 17 18 19 20 21 22 23 24 25 26 |
---------------+-------------------------------------------------------------------------------+-----
Throwing       | 2 |  2.0
Long Blades    | 3 |  3.0
Dodging        | 3 4 6 10 12 14 16 18 | 18.2
Axes           | 1 2 4 5 6 8 9 10 11 12 13 14 15 16 17 18 | 18.0
Fighting       | 3 4 5 6 8 9 10 11 12 14 15 16 17 18 19 20 21 22 23 24 25 27 | 27.0
Shields        | 3 4 6 7 8 10 11 12 13 14 15 | 15.0
Invocations    | 4 7 9 11 13 14 16 17 19 20 21 22 24 25 27 | 27.0
Armour         | 3 6 8 10 11 13 15 17 18 | 18.8

Action                     |  1- 3 |  4- 6 |  7- 9 | 10-12 | 13-15 | 16-18 | 19-21 | 22-24 | 25-27 || total
---------------------------+-------+-------+-------+-------+-------+-------+-------+-------+-------++-------
  Melee: Long sword        |    71 |       |       |       |       |       |       |       |       ||    71
         Hand axe          |    47 |   155 |   203 |    13 |       |       |       |       |       ||   418
         Punch             |     2 |     2 |     1 |       |       |       |       |       |       ||     5
         Unarmed           |       |       |     1 |     6 |       |       |    22 |       |       ||    29
         Battleaxe         |       |       |       |   338 |       |       |       |       |       ||   338
         Broad axe         |       |       |       |    25 |   886 |  1256 |  1252 |  1656 |  1027 ||  6102
  Throw: Throwing net      |       |     3 |     1 |       |       |       |       |       |       ||     4
 Invoke: Bend Time         |       |       |     1 |     1 |     2 |     3 |     1 |       |     1 ||     9
         Temporal Distorti |       |       |       |     1 |       |     3 |     3 |       |     3 ||    10
         Slouch            |       |       |       |       |       |     4 |     9 |     6 |       ||    19
         Step From Time    |       |       |       |       |       |       |       |     1 |     3 ||     4
  Evoke: Wand              |       |       |    10 |       |    20 |       |     1 |       |     2 ||    33
    Use: Scroll            |       |     5 |     8 |     6 |    10 |     7 |     7 |    17 |    11 ||    71
         Potion            |       |       |     3 |     1 |     4 |     4 |     2 |     3 |    14 ||    31
   Stab: Distracted        |       |     1 |       |       |       |       |     1 |     2 |       ||     4
         Invisible         |       |       |       |       |       |    12 |       |       |       ||    12
         Sleeping          |       |       |       |       |       |     1 |       |       |       ||     1
         Confused          |       |       |       |       |       |       |       |       |     6 ||     6
 Armour: Leather armour    |    66 |    80 |   150 |       |       |       |       |       |       ||   296
         Chain mail        |       |       |       |   449 |   549 |   742 |   541 |   762 |   445 ||  3488
         Skin              |       |       |       |     2 |       |       |     7 |       |       ||     9
  Dodge: Dodged            |   102 |   110 |   148 |   286 |   360 |   385 |   384 |   861 |   612 ||  3248
  Block: Kite shield       |       |       |       |    13 |  1013 |  1545 |  1155 |  1537 |   907 ||  6170
         Reflection        |       |       |       |       |    43 |    67 |    77 |    56 |    17 ||   260
         Other             |       |       |       |       |       |       |     2 |       |       ||     2

Table legend: (Time is in decaauts)
 A = Elapsed time spent in this place.
 B = Non-inter-level travel time spent in this place.
 C = Inter-level travel time spent in this place.
 D = Time resting spent in this place.
 E = Time spent auto-exploring this place.
 F = Levels seen in this place.
 G = Mean time per level.
                   A        B        C        D        E       F      G
               +--------+--------+--------+--------+--------+-----+--------+
         Total | 103156 |  96553 |   6603 |  22576 |  53857 |  59 | 1748.4 |
       Dungeon |  22618 |  20150 |   2468 |   4488 |  11999 |  15 | 1507.9 |
        Temple |     35 |     28 |      7 |      0 |      0 |   1 |   35.0 |
          Lair |  11568 |  10636 |    932 |   1541 |   7656 |   5 | 2313.6 |
         Swamp |   5245 |   4939 |    306 |    688 |   3570 |   4 | 1311.2 |
   Spider Nest |   8085 |   7832 |    253 |   1505 |   4452 |   4 | 2021.2 |
    Slime Pits |   2154 |   2077 |     77 |   1237 |     87 |   5 |  430.8 |
  Orcish Mines |   4090 |   3691 |    399 |    921 |   2115 |   2 | 2045.0 |
   Elven Halls |   7716 |   7441 |    275 |   2391 |   3162 |   3 | 2572.0 |
        Vaults |  10113 |   9564 |    549 |   1221 |   7014 |   4 | 2528.2 |
         Crypt |   6670 |   6324 |    346 |   2143 |   2237 |   3 | 2223.3 |
        Depths |   9752 |   9168 |    584 |   2352 |   5382 |   4 | 2438.0 |
           Zot |  14308 |  13905 |    403 |   3979 |   6180 |   5 | 2861.6 |
         Abyss |    644 |    644 |      0 |    108 |      0 |   2 |  322.0 |
        Bazaar |     59 |     59 |      0 |      0 |      0 |   1 |   59.0 |
        Wizlab |     95 |     95 |      0 |      0 |      0 |   1 |   95.0 |
               +--------+--------+--------+--------+--------+-----+--------+

Top non-repeatable levels by time:
   Zot:3: 3515 daAuts
Depths:2: 3396 daAuts
   Elf:3: 3303 daAuts
Vaults:3: 3003 daAuts
   Zot:1: 2947 daAuts
  Lair:5: 2920 daAuts
   Zot:4: 2896 daAuts
 Crypt:3: 2839 daAuts
Spider:1: 2825 daAuts
   Orc:2: 2780 daAuts
    D:13: 2775 daAuts
   Elf:1: 2596 daAuts
    D:14: 2563 daAuts
   Zot:2: 2531 daAuts
  Lair:3: 2514 daAuts
